 Dungeon Crawl Stone Soup version 0.19.1 (webtiles) character file.

219 Gaplan the Conjurer (level 5, 0/28 HPs)
             Began as a Deep Elf Conjurer on Dec 18, 2016.
             Slain by Pikel
             ... wielding a +2 whip of flaming
              (10 damage)
             ... on level 4 of the Dungeon.
             The game lasted 00:13:18 (4346 turns).

Gaplan the Conjurer (Deep Elf Conjurer)             Turns: 4346, Time: 00:13:19

Health: 0/28       AC:  1    Str:  5    XL:     5   Next: 64%
Magic:  2/14       EV: 19    Int: 21    God:
Gold:   170        SH:  0    Dex: 20    Spells: 3 memorised, 5 levels left

rFire  . . .     SeeInvis .     u - +5 quarterstaff (chaos)
rCold  . . .     Gourm    .     a - +0 robe
rNeg   + . .     Faith    .     (shield currently unavailable)
rPois  .         Spirit   .     (no helmet)
rElec  .         Reflect  .     v - -2 cloak (curse)
rCorr  .         Harm     .     (no gloves)
MR     .....                    (no boots)
Stlth  ++++......               (no amulet)
                                t - ring of positive energy
                                m - ring of flight

@: agile, very slightly contaminated
A: no striking features
a: Evoke Flight


You were on level 4 of the Dungeon.
You were not hungry.

You visited 1 branch of the dungeon, and saw 4 of its levels.

You collected 170 gold pieces.

Inventory:

Hand Weapons
 u - a +5 quarterstaff of chaos (weapon)
Armour
 a - a +0 robe (worn)
 o - a +0 cloak
 v - a cursed -2 cloak (worn)
Jewellery
 m - a ring of flight (left hand)
 t - a ring of positive energy (right hand)
Scrolls
 d - a scroll of amnesia
 e - a scroll of immolation
 p - a scroll of fear
 r - a scroll of enchant armour {unknown}
Potions
 h - a potion of flight
 l - a potion of lignification {unknown}
 n - a potion of brilliance {unknown}
 s - a potion of degeneration {unknown}
Books
 b - a book of Conjurations

   Spells                             Type                      Level
   a - Magic Dart                     Conjuration                  1
   b - Searing Ray                    Conjuration                  2
   c - Dazzling Spray                 Conjuration/Hexes            3
   d - Fulminant Prism                Conjuration/Hexes            4
   e - Iskenderun's Mystic Blast      Conjuration                  4
   f - Iskenderun's Battlesphere      Conjuration/Charms           5
 q - Jessica's Tome of Good Luck
   (You found it on level 3 of the Dungeon)

   Spells                             Type                      Level
   a - Song of Slaying                Charms                       2
Comestibles
 c - 3 bread rations
 i - a beef jerky
 k - 3 chunks of flesh


   Skills:
 + Level 0.1 Fighting
 + Level 3.2 Dodging
 + Level 3.1 Stealth
 + Level 4.9 Spellcasting
 + Level 6.1 Conjurations
 + Level 1.1 Hexes


You had 5 spell levels left.
You knew the following spells:

 Your Spells              Type           Power        Failure   Level  Hunger
a - Magic Dart            Conj           ####         1%          1    None
b - Dazzling Spray        Conj/Hex       ###...       10%         3    ##.....
c - Fulminant Prism       Conj/Hex       ###.......   28%         4    ####...


Dungeon Overview and Level Annotations

Branches:
Dungeon (4/15)
 Temple: D:4-7

Altars:
Nemelex Xobeh
Xom
Zin

Annotations:
D:4 Menkaure; Pikel; Pixllover's ghost, amateur TrBe


Message History

The jackal looks frightened! x3; It was a scroll of fear.
Pikel the Slaver comes into view.
He is wielding a whip of flaming.
It was a potion of agility.
You feel agile all of a sudden.
It was a potion of heal wounds.
You feel much better.
A slave comes into view.
It was a potion of curing.
You feel better.
The slave moves out of view.
Pikel misses you.
You hit Pikel but do no damage.
The slave seems to regain its courage.
Pikel completely misses you. x2
You hit Pikel. You burn Pikel.
Pikel is lightly wounded.
Pikel hits you with a whip of flaming. Pikel burns you.
You hit Pikel. You freeze Pikel.
Pikel is moderately wounded.
Pikel hits you with a whip of flaming. Pikel burns you. The slave hits you.
The slave completely misses you.
You thump Pikel!
You heal Pikel.
Pikel is completely healed.
Pikel hits you with a whip of flaming!
You die...

.# #. # .... #..#.#.#
#....... #....#.# .#
#.>..#.#+#####
...#.....p......#
....[>.?.K@.....#
.......#.p......#
#....<....#####
###..###### ####.#
..... ..##.#.# #.###..
#########.##.#.# ...
...........#.#.# .#..
#........#.#.#
#.##.##+#.###....#.#.#


You could see Pikel and 2 slaves.

Vanquished Creatures
  Crazy Yiuf (D:2)
  Jessica (D:3)
  6 adders
  3 dart slugs
  2 worms (D:2)
  3 orcs (D:3)
  4 giant cockroaches
  10 hobgoblins
  16 jackals
  2 quokkas (D:3)
  A ball python (D:1)
  9 bats
  12 frilled lizards
  8 goblins
  9 kobolds
  10 rats
97 creatures vanquished.

Vanquished Creatures (others)
  2 fulminant prisms (D:3)
2 creatures vanquished.

Grand Total: 99 creatures vanquished

Notes
Turn   | Place    | Note
-------+----------+-------------------------------------------
     0 | D:1      | Gaplan the Deep Elf Conjurer began the quest for the Orb.
     0 | D:1      | Reached XP level 1. HP: 10/10 MP: 6/6
   147 | D:1      | Reached XP level 2. HP: 3/15 MP: 1/8
   639 | D:1      | Reached skill level 5 in Conjurations
   830 | D:1      | Found a sparkling altar of Nemelex Xobeh.
   981 | D:1      | Reached XP level 3. HP: 18/19 MP: 0/9
  1629 | D:2      | Found a runed door.
  1806 | D:2      | Learned a level 3 spell: Dazzling Spray
  2116 | D:2      | Reached XP level 4. HP: 14/24 MP: 3/11
  2914 | D:2      | Noticed Crazy Yiuf
  2920 | D:2      | Killed Crazy Yiuf
  3075 | D:3      | Reached XP level 5. HP: 28/28 MP: 10/13
  3083 | D:3      | Learned a level 4 spell: Fulminant Prism
  3278 | D:3      | Found a faded altar of an unknown god.
  3504 | D:3      | Found a shimmering altar of Xom.
  3568 | D:3      | Reached skill level 6 in Conjurations
  3801 | D:3      | Found a glowing silver altar of Zin.
  3883 | D:3      | Noticed Jessica
  3901 | D:3      | Killed Jessica
  3901 | D:3      | Reached skill level 1 in Hexes
  3907 | D:3      | Identified Jessica's Tome of Good Luck
  4037 | D:4      | Noticed Menkaure
  4065 | D:4      | Noticed Pixllover's ghost (amateur TrBe)
  4326 | D:4      | Noticed a slave
  4330 | D:4      | Noticed a slave
  4335 | D:4      | Noticed a slave
  4338 | D:4      | Noticed Pikel
  4340 | D:4      | Noticed a slave
  4346 | D:4      | Slain by Pikel

Skill      XL: |  1  2  3  4  5 |
---------------+----------------+-----
Conjurations   | 5 6 |  6.1
Dodging        | 3 |  3.2
Spellcasting   | 4 |  4.9
Stealth        | 3 |  3.1
Hexes          | 1 |  1.1
Fighting       | |  0.1

Action                   |  1- 3 |  4- 6 || total
-------------------------+-------+-------++-------
Melee: Quarterstaff      |       |    16 ||    16
 Cast: Magic Dart        |    97 |    78 ||   175
       Dazzling Spray    |     1 |     8 ||     9
       Fulminant Prism   |       |     2 ||     2
  Use: Scroll            |       |     6 ||     6
       Potion            |       |     4 ||     4
  Eat: Chunk             |     3 |     4 ||     7
       Meat ration       |       |     1 ||     1
Armor: Robe              |     4 |     1 ||     5
Dodge: Dodged            |    38 |    34 ||    72
